Map: Jagannatha LE

Players

TriGGeR

  • Race: Protoss Protoss
  • League: Grandmaster

Namshar - Winner!

  • Race: Zerg Zerg
  • League: Master

Event: DreamHack SC2 Masters 2021 Summer

VOD

Have the link to the VOD?

Description

Time

  • Played on: May 29, 2021, 6:22 p.m.
  • Length: 12:31

All games in this series

Show
View Real Time Build Order
Export as new Build Order

TriGGeR Protoss 

Build Orders: 1 Gate Expand, Forge Fast Expand (FFE), Carriers 

Get SALT Encoding   

  12  0:00  Probe  
  13  0:12  Probe  
  14  0:20  Pylon  
  14  0:24  Probe  
  15  0:38  Probe (Chrono Boost)  
  15  0:40  Gateway  
  16  0:47  Probe (Chrono Boost)  
  17  0:52  Probe  
  17  0:55  Forge  
  18  1:04  Probe  
  19  1:12  Pylon  
  19  1:34  Probe  
  19  1:35  Nexus, Assimilator  
  20  1:45  Cybernetics Core  
  20  1:47  Probe  
  21  1:56  Pylon  
  21  2:14  Photon Cannon  
  22  2:18  Photon Cannon  
  21  2:23  Cybernetics Core  
  21  2:29  Pylon  
  21  2:33  Adept (Chrono Boost)  
  23  2:38  Probe (Chrono Boost)  
  23  2:42  Assimilator  
  24  2:49  Probe (Chrono Boost)  
  26  2:55  Probe (Chrono Boost), Warp Gate  
  26  2:56  Adept  
  29  3:00  Probe (Chrono Boost)  
  29  3:03  Probe (Chrono Boost)  
  30  3:08  Shield Battery  
  30  3:09  Probe (Chrono Boost)  
  30  3:11  Probe (Chrono Boost)  
  32  3:17  Probe (Chrono Boost)  
  34  3:21  Probe (Chrono Boost)  
  34  3:23  Probe (Chrono Boost)  
  34  3:24  Stargate  
  37  3:28  Probe  
  38  3:43  Pylon  
  38  3:52  Pylon  
  38  3:53  Probe (Chrono Boost)  
  38  3:57  Probe (Chrono Boost)  
  38  4:01  Void Ray  
  38  4:05  Probe (Chrono Boost)  
  38  4:09  Probe (Chrono Boost)  
  44  4:10  Probe (Chrono Boost)  
  45  4:20  Probe x2 (Chrono Boost), Nexus  
  45  4:21  Pylon  
  47  4:27  Assimilator  
  47  4:29  Assimilator  
  49  4:31  Probe (Chrono Boost)  
  49  4:34  Probe (Chrono Boost)  
  49  4:36  Probe (Chrono Boost)  
  49  4:37  Stargate  
  50  4:38  Void Ray (Chrono Boost)  
  50  4:39  Pylon  
  50  4:42  Probe  
  55  4:46  Probe  
  56  4:54  Probe  
  56  4:58  Probe  
  58  5:06  Probe  
  59  5:07  Photon Cannon  
  59  5:10  Probe  
  59  5:11  Pylon  
  59  5:13  Adept  
  59  5:14  Protoss Air Weapons Level 1  
  62  5:17  Photon Cannon  
  62  5:18  Probe  
  63  5:21  Shield Battery  
  63  5:23  Probe (Chrono Boost), Void Ray  
  64  5:32  Probe (Chrono Boost), Void Ray (Chrono Boost)  
  64  5:35  Probe (Chrono Boost)  
  74  5:39  Probe (Chrono Boost)  
  74  5:42  Probe (Chrono Boost)  
  77  5:47  Probe (Chrono Boost)  
  77  5:48  Probe (Chrono Boost)  
  79  5:50  Probe (Chrono Boost)  
  79  5:54  Probe x2  
  81  5:58  Probe, Void Ray (Chrono Boost)  
  82  6:06  Probe  
  82  6:07  Probe  
  82  6:09  Assimilator  
  82  6:10  Probe  
  82  6:11  Fleet Beacon  
  89  6:14  Assimilator  
  89  6:15  Void Ray (Chrono Boost)  
  93  6:20  Pylon  
  93  6:23  Pylon  
  93  6:29  Void Ray (Chrono Boost)  
  93  6:37  Pylon  
  93  6:38  Probe x3  
  100  6:40  Pylon  
  100  6:50  Probe x3, Stargate, Flux Vanes  
  103  6:59  Void Ray  
  103  7:00  Void Ray  
  103  7:02  Probe x2  
  113  7:19  Nexus  
  113  7:21  Pylon  
  113  7:26  Probe x2  
  113  7:29  Gateway  
  115  7:31  Gateway  
  115  7:34  Gateway, Twilight Council  
  115  7:36  Protoss Air Weapons Level 2  
  115  7:38  Probe  
  115  7:39  Probe  
  115  7:43  Photon Cannon  
  117  7:44  Photon Cannon  
  117  8:04  Carrier x2 (Chrono Boost)  
  117  8:05  Photon Cannon  
  117  8:07  Pylon  
  117  8:08  Photon Cannon  
  117  8:09  Photon Cannon  
  117  8:12  Resonating Glaives  
  117  8:17  Adept  
  117  8:19  Shield Battery  
  119  8:24  Photon Cannon, Carrier (Chrono Boost)  
  125  8:39  Adept x2  
  129  8:53  Adept x2  
  129  8:55  Pylon  
  139  8:56  Carrier (Chrono Boost)  
  139  8:57  Assimilator  
  139  9:02  Assimilator  
  139  9:03  Templar Archives  
  139  9:04  Adept x2  
  143  9:17  Adept  
  137  9:27  Stalker x3  
  121  9:36  Adept  
  105  9:40  Adept  
  105  9:41  Gateway  
  105  9:42  Gateway  
  116  9:45  Gateway  
  116  9:53  Carrier x2 (Chrono Boost)  
  116  9:56  Adept x2  
  116  10:03  Carrier (Chrono Boost)  
  103  10:17  Adept x3  
  103  10:19  Adept  
  111  10:25  Pylon  
  99  11:05  Adept  
  101  11:13  Pylon  
  101  11:15  Pylon  
  85  12:10  Pylon  
Show
View Real Time Build Order
Export as new Build Order

Namshar Zerg - Winner!

Build Orders: Hatch First 

Get SALT Encoding   

  12  0:00  Drone  
  13  0:12  Overlord  
  13  0:16  Drone  
  14  0:30  Drone x2  
  16  0:48  Hatchery  
  15  0:51  Drone  
  15  0:55  Drone  
  17  0:58  Drone  
  18  1:09  Extractor  
  17  1:13  Spawning Pool  
  17  1:17  Drone  
  17  1:21  Drone  
  19  1:32  Hatchery  
  18  1:47  Hatchery  
  18  1:54  Drone  
  18  2:00  Queen  
  20  2:03  Zergling x2  
  21  2:13  Overlord  
  21  2:15  Zergling x2  
  22  2:39  Metabolic Boost  
  22  2:40  Drone x3  
  25  2:50  Drone  
  26  2:53  Queen  
  28  2:59  Drone  
  28  3:00  Drone  
  29  3:06  Drone x2  
  30  3:13  Zergling x4  
  32  3:22  Zergling x2  
  32  3:25  Drone x3  
  36  3:30  Spore Crawler  
  34  3:37  Drone x4  
  34  3:38  Drone  
  38  3:49  Drone x3  
  38  3:54  Overlord x2  
  41  4:07  Drone  
  41  4:12  Drone x5, Queen  
  41  4:15  Queen  
  41  4:16  Overlord  
  50  4:18  Drone  
  50  4:19  Drone  
  50  4:21  Drone  
  53  4:27  Overlord  
  53  4:29  Drone  
  53  4:30  Drone  
  55  4:35  Overlord  
  55  4:36  Drone x2  
  57  4:46  Zergling x6  
  57  4:48  Drone x5  
  57  4:51  Drone, Lair  
  66  4:54  Queen  
  66  4:56  Overlord  
  66  4:59  Extractor, Overlord  
  67  5:00  Extractor  
  67  5:02  Drone  
  67  5:04  Extractor  
  66  5:07  Drone  
  66  5:08  Drone  
  66  5:12  Drone x3  
  71  5:16  Spore Crawler  
  71  5:19  Drone  
  71  5:20  Drone, Spore Crawler x2  
  70  5:24  Evolution Chamber, Baneling Nest  
  70  5:25  Drone x5  
  73  5:29  Drone  
  73  5:30  Drone  
  75  5:38  Drone  
  75  5:39  Drone x2  
  78  5:43  Hatchery  
  78  5:44  Drone x4  
  78  5:47  Extractor  
  78  5:48  Extractor  
  79  5:50  Queen x2  
  81  6:02  Drone x3  
  84  6:05  Overlord  
  84  6:06  Overlord x2  
  84  6:08  Queen, Zerg Melee Weapons Level 1  
  84  6:10  Hydralisk Den  
  85  6:27  Hatchery  
  85  6:32  Drone x2  
  87  6:33  Overlord  
  87  6:34  Overlord x2  
  87  6:38  Drone x2  
  87  6:39  Queen  
  91  6:41  Pneumatized Carapace  
  91  6:45  Queen, Muscular Augments  
  91  6:47  Drone  
  91  6:48  Zergling x2  
  93  6:58  Hydralisk x8  
  107  7:03  Hydralisk  
  107  7:04  Hydralisk  
  107  7:07  Extractor  
  110  7:12  Centrifical Hooks  
  110  7:17  Extractor  
  110  7:20  Drone x10  
  119  7:32  Hydralisk x3  
  124  7:41  Drone  
  123  7:48  Hatchery  
  123  7:50  Hydralisk x7  
  132  7:51  Hatchery  
  132  7:56  Grooved Spines  
  131  8:08  Drone  
  131  8:09  Hydralisk x5, Zerg Melee Weapons Level 2  
  131  8:10  Evolution Chamber, Overlord  
  131  8:11  Overlord x2  
  141  8:24  Hydralisk  
  143  8:28  Overlord x2  
  143  8:29  Overlord  
  143  8:31  Hydralisk, Zergling x2  
  143  8:32  Zergling x14  
  153  8:36  Zergling x6  
  157  8:46  Drone x3  
  157  8:47  Drone  
  160  8:51  Zerg Missile Weapons Level 1  
  160  8:52  Zergling x8  
  160  8:54  Hatchery  
  161  9:03  Baneling x16  
  161  9:08  Queen  
  163  9:11  Hydralisk, Zergling x2  
  163  9:12  Zergling x20  
  176  9:19  Hydralisk, Zergling x2  
  176  9:20  Zergling x6  
  168  9:27  Hatchery  
  157  9:32  Hydralisk x8  
  170  9:41  Queen  
  172  9:46  Hydralisk x3  
  167  10:03  Hydralisk x5  
  175  10:11  Overseer  
  175  10:14  Drone, Hydralisk x2  
  175  10:16  Infestation Pit  
  179  10:25  Zerg Ground Armor Level 1  
  179  10:30  Overlord x2  
  179  10:39  Hydralisk x7  
  193  10:45  Evolution Chamber  
  190  10:50  Hydralisk x5  
  190  10:54  Hydralisk x6  
  180  10:59  Hydralisk  
  170  11:09  Hydralisk  
  170  11:10  Hydralisk x5  
  182  11:18  Hydralisk  
  182  11:19  Hydralisk x5  
  192  11:41  Hydralisk x2  
  196  11:52  Hydralisk x3  
  196  11:53  Hydralisk x2  
  188  12:03  Spore Crawler x2  
  188  12:04  Spore Crawler  
  188  12:06  Spore Crawler  
  188  12:07  Spore Crawler  
  183  12:09  Spore Crawler  
  183  12:12  Spore Crawler  
Tags
 
Add a new tag
Caveats
  • Supply blocks, unpowered buildings, or Contaminate may cause inaccurate times.
  • Supply counts are checked every 10 seconds.